Cogmind - Beta 12 @@@ ROGUE MODE // 2023.04.02 @ 22:12:36 Player: wchar_t Result: Destroyed by D-53 Grenadier with Mini Grenade Launcher Performance ------------- Evolutions (0) 0 Regions Visited (4) 800 Robots Destroyed (7) 35 Value Destroyed (232) 232 Prototype IDs (24) 480 Alien Tech Used (0) 0 Bonus (300) 300 TOTAL SCORE: 1847 Bonus ------- Aligned with FarCom 300 Cogmind --------- Core Integrity 0/250 Matter 246/300 Energy 99/100 System Corruption 0% Temperature Cool (0) Movement Core (700) Ox13 Location -9/Mines Parts ------- > --- POWER (1) -------- (None) > --- PROPULSION (2) --- (None) > --- UTILITY (2) ------ High-capacity Storage Unit > --- WEAPON (2) ------- (None) > --- INVENTORY (20) --- Light Treads Light Treads Aluminum Leg Bomb Drone Bay (10/16) Medium Laser Guided Plasma Cannon Peak State ------------ > --- POWER ------------ Ion Engine > --- PROPULSION ------- Aluminum Leg Aluminum Leg > --- UTILITY ---------- Bomb Drone Bay > --- WEAPON ----------- Light Assault Rifle Light Cannon > --- INVENTORY -------- Light Treads Light Treads Light Treads Light Treads Medium Laser [Rating: 19] Favorites ----------- Power Light Ion Engine Engine Light Ion Engine Propulsion Aluminum Leg Treads Light Treads Leg Aluminum Leg Utility Small Storage Unit Device Bomb Drone Bay Storage Small Storage Unit Processor Targeting Computer Weapon Light Assault Rifle Ballistic Gun Light Assault Rifle Ballistic Cannon Light Cannon Build | -11 -10 -10 -10 -9 ------- Run | Jun Mat Min Exi Min Slots Evolved . | . . . . . Power . | . . . . . Propulsion . | . . . . . Utility . | . . . . . Weapon . | . . . . . Parts Attached 23 | 7 5 3 5 3 Power 3 | 2 . 1 . . Engine 3 | 2 . 1 . . Core . | . . . . . Reactor . | . . . . . Propulsion 8 | 2 2 . 3 1 Treads 3 | . . . 2 1 Leg 5 | 2 2 . 1 . Wheel . | . . . . . Hover . | . . . . . Flight . | . . . . . Utility 8 | 1 1 2 2 2 Device 2 | . . 1 . 1 Storage 5 | 1 . 1 2 1 Processor 1 | . 1 . . . Hackware . | . . . . . Protection . | . . . . . Artifact . | . . . . . Weapon 4 | 2 2 . . . Energy Gun . | . . . . . Energy Cannon . | . . . . . Ballistic Gun 2 | 2 . . . . Ballistic Cannon 2 | . 2 . . . Launcher . | . . . . . Special Weapon . | . . . . . Impact Weapon . | . . . . . Slashing Weapon . | . . . . . Piercing Weapon . | . . . . . Special Melee Weapon . | . . . . . Unidentified Prototypes 1 | . . 1 . . Parts Lost 7 | . 1 . . 6 Power 1 | . . . . 1 Propulsion 3 | . . . . 3 Utility 1 | . 1 . . . Weapon 2 | . . . . 2 Highest Loss Streak 6 | . 1 . . 6 To Critical Strikes . | . . . . . Average Slot Usage (%) 89 | . 98 85 85 83 Engine 13 | . 14 14 14 13 Treads 6 | . . . 3 28 Leg 21 | . 28 28 24 . Storage 13 | . 14 14 14 12 Processor 4 | . 13 . . . Ballistic Gun 16 | . 20 14 14 13 Ballistic Cannon 11 | . 7 14 14 14 Naked Turns . | . . . . . Heaviest Build 47 | 12 14 14 47 47 Greatest Support 40 | 20 20 20 40 40 Greatest Overweight (x) 13 | . . . 2 13 Average Overweight (x) . | . . . . 1 Largest Inventory Capacity 20 | 8 8 8 20 20 Average Capacity 10 | 7 8 7 10 17 Most Carried 9 | 4 8 8 9 9 Average Carried 7 | 2 7 7 8 7 Final Capacity 20 | 8 8 8 20 20 Final Carried 9 | 4 8 8 9 7 Class Distribution -------------------- 100% | Mutant Dominant Class ---------------- Mutant | -10/Materials Mutant | -10/Mines Mutant | -10/Exiles Mutant | -9/Mines Resources | -11 -10 -10 -10 -9 ----------- Run | Jun Mat Min Exi Min Matter Collected 456 | 247 181 28 . . Remotely . | . . . . . Salvage Created 272 | . 272 . . . Parts 16 | . 16 . . . Haulers Intercepted 1 | . 1 . . . Recyclers Shooed 1 | . 1 . . . Parts Field Recycled . | . . . . . Retrieved Matter . | . . . . . Parts Self-Destructed . | . . . . . Prevented . | . . . . . Kills | -11 -10 -10 -10 -9 ------- Run | Jun Mat Min Exi Min Combat Hostiles Destroyed 6 | . 6 . . . Guns 2 | . 2 . . . Cannons 4 | . 4 . . . Classes Destroyed 2 | . 2 . . . Hauler 1 | . 1 . . . Grunt 6 | . 6 . . . Best Kill Streak 2 | . 2 . . . Combat Bots Only 2 | . 2 . . . Max Kills in Single Turn 1 | . 1 . . . Gunslinging . | . . . . . Exploded . | . . . . . Melee . | . . . . . Uniques/NPCs Destroyed . | . . . . . Combat | -11 -10 -10 -10 -9 -------- Run | Jun Mat Min Exi Min Damage Taken 1202 | . 377 . . 825 Core 250 | . 28 . . 222 Absorbed by Shields . | . . . . . Regen/Repaired (Parts) 37 | . 37 . . . Core Remaining (%) 100 | 100 . . . . Volleys Fired 33 | . 32 . . 1 Largest 2 | . 2 . . 1 Hottest 55 | . 55 . . 35 Shots Fired 65 | . 64 . . 1 Gun 43 | . 43 . . . Cannon 22 | . 21 . . 1 Launcher . | . . . . . Special . | . . . . . Kinetic 65 | . 64 . . 1 Thermal . | . . . . . Explosive . | . . . . . Electromagnetic . | . . . . . Robot Hit Streak 13 | . 13 . . . Robot Miss Streak 3 | . 3 . . 2 Penetration Max . | . . . . . Secondary Targets . | . . . . . Shots Hit Robots 47 | . 47 . . . Core Hits 16 | . 16 . . . Critical Kills . | . . . . . Critical Parts Destroyed . | . . . . . Critical Strikes . | . . . . . Melee Attacks . | . . . . . Impact . | . . . . . Slashing . | . . . . . Piercing . | . . . . . Sneak Attacks . | . . . . . Combat Hostiles . | . . . . . Follow-up Attacks . | . . . . . Damage Inflicted 549 | . 543 6 . . Guns 244 | . 244 . . . Cannons 297 | . 297 . . . Explosions . | . . . . . Melee . | . . . . . Ramming 8 | . 2 6 . . Kinetic 541 | . 541 . . . Thermal . | . . . . . Explosive . | . . . . . Electromagnetic . | . . . . . Impact . | . . . . . Slashing . | . . . . . Piercing . | . . . . . Highest Corruption . | . . . . . Average Corruption . | . . . . . Corruption Purged . | . . . . . Corruption Blocked . | . . . . . Overload Shots . | . . . . . Overflow Damage . | . . . . . Projectiles . | . . . . . Explosions . | . . . . . Melee . | . . . . . Knockbacks 4 | . 4 . . . Impact . | . . . . . Kinetic 4 | . 4 . . . Secondary . | . . . . . Self-Inflicted Damage . | . . . . . Shots . | . . . . . Rammed . | . . . . . Targets Rammed 5 | . 4 1 . . Kicked 5 | . 4 1 . . Crushed . | . . . . . Highest Temperature 90 | . 90 . . . Average Temperature 28 | . 28 . . . Received Heat Transfer 219 | . 219 . . . Siege Activations . | . . . . . Robots Corrupted . | . . . . . Combat Hostiles . | . . . . . Parts Fried . | . . . . . Impact Corruptions . | . . . . . Robots Melted . | . . . . . Combat Hostiles . | . . . . . Parts Melted . | . . . . . Heat Transferred . | . . . . . Parts Sabotaged . | . . . . . Parts Stolen . | . . . . . Parts Stripped . | . . . . . Power Chain Reactions . | . . . . . Missiles Intercepted . | . . . . . Alert | -11 -10 -10 -10 -9 ------- Run | Jun Mat Min Exi Min Peak Influence 181 | . 181 . . . Initial . | . . . . . Average 32 | . 60 . . . Maximum Alert Level . | . . . . . Low Security (%) 100 | 100 100 100 . 100 Level 1 . | . . . . . Level 2 . | . . . . . Level 3 . | . . . . . Level 4 . | . . . . . Level 5 . | . . . . . High Security . | . . . . . Max Security . | . . . . . Squads Dispatched 1 | . 1 . . . Investigation . | . . . . . Extermination . | . . . . . Reinforcement 1 | . 1 . . . Assault . | . . . . . Garrison . | . . . . . Intercept . | . . . . . Searches Triggered . | . . . . . Construction Impeded . | . . . . . Haulers Reinforced . | . . . . . Active Scanning Responses . | . . . . . Cargo Convoy Interrupts . | . . . . . Stealth | -11 -10 -10 -10 -9 --------- Run | Jun Mat Min Exi Min Distress Signals 1 | . 1 . . . Communications Jammed . | . . . . . Distress Signals . | . . . . . Times Spotted 31 | . 12 . . 19 Peak Tracking Total 17 | . 6 . . 17 Tactical Retreats 1 | . . . . 1 Traps | -11 -10 -10 -10 -9 ------- Run | Jun Mat Min Exi Min Traps Triggered . | . . . . . Indirectly . | . . . . . Trap Hack Attempts . | . . . . . Triggered . | . . . . . Disarmed . | . . . . . Reprogrammed . | . . . . . Reused . | . . . . . Traps Extracted . | . . . . . Installed . | . . . . . Triggered . | . . . . . Machines | -11 -10 -10 -10 -9 ---------- Run | Jun Mat Min Exi Min Machines Disabled . | . . . . . Max in Single Turn . | . . . . . Machines Repaired . | . . . . . Machines Sabotaged . | . . . . . Overloaded Fab Kills . | . . . . . Hacking | -11 -10 -10 -10 -9 --------- Run | Jun Mat Min Exi Min Machines Accessed 5 | . 2 1 2 . Terminals 1 | . 1 . . . Fabricators . | . . . . . Repair Stations 1 | . 1 . . . Recycling Units . | . . . . . Scanalyzers . | . . . . . Garrison Access . | . . . . . Total Hacks 8 | . 5 1 2 . Successful 6 | . 3 1 2 . Failed 2 | . 2 . . . Catastrophic 1 | . 1 . . . Database Lockouts . | . . . . . Manual 3 | . 2 . 1 . Terminals 2 | . 2 . . . Fabricators . | . . . . . Repair Stations 3 | . 3 . . . Recycling Units . | . . . . . Scanalyzers . | . . . . . Garrison Access . | . . . . . Terminal Hacks 4 | . 1 1 2 . Record 1 | . . . 1 . Open Door 1 | . . 1 . . Branch Access Points 1 | . 1 . . . EX-Prototype ID Bank 1 | . . . 1 . Fabricator Hacks . | . . . . . Repair Station Hacks 2 | . 2 . . . Scan Component 1 | . 1 . . . Repair 1 | . 1 . . . Recycling Unit Hacks . | . . . . . Scanalyzer . | . . . . . Garrison Access Hacks . | . . . . . Unauthorized Hacks . | . . . . . Terminals . | . . . . . Fabricators . | . . . . . Repair Stations . | . . . . . Recycling Units . | . . . . . Scanalyzers . | . . . . . Garrison Access . | . . . . . Data Cores Recovered . | . . . . . Used . | . . . . . Hacking Detections 1 | . 1 . . . Full Trace Events . | . . . . . Feedback Events . | . . . . . Feedback Blocked . | . . . . . Robot Schematics Acquired . | . . . . . Robots Built . | . . . . . Authchips . | . . . . . Time . | . . . . . Total Robot Build Rating . | . . . . . Part Schematics Acquired . | . . . . . Parts Built . | . . . . . Authchips . | . . . . . Time . | . . . . . Total Part Build Rating . | . . . . . Parts Repaired 1 | . 1 . . . Time 26 | . 26 . . . Parts Recycled . | . . . . . Recycled Matter . | . . . . . Retrieved Matter . | . . . . . Retrieved Components . | . . . . . Parts Scanalyzed . | . . . . . Part Schematics Acquired . | . . . . . Parts Damaged . | . . . . . Bothacking | -11 -10 -10 -10 -9 ------------ Run | Jun Mat Min Exi Min Used RIF Installer . | . . . . . Robots Hacked . | . . . . . Non-combat . | . . . . . Combat . | . . . . . Robot Hacks Applied . | . . . . . Relay Couplers Released . | . . . . . Fabnet Peak Effective % . | . . . . . Robots Rewired . | . . . . . Allies Hacked . | . . . . . Hacks Repelled . | . . . . . Allies | -11 -10 -10 -10 -9 -------- Run | Jun Mat Min Exi Min Total Allies . | . . . . . Largest Group . | . . . . . Highest-Rated Group . | . . . . . Highest-Rated Ally . | . . . . . Total Orders . | . . . . . Ally Attacks 6 | . . . . 6 Total Damage . | . . . . . Kills . | . . . . . Allies Corrupted . | . . . . . Allies Melted . | . . . . . Intel | -11 -10 -10 -10 -9 ------- Run | Jun Mat Min Exi Min Robot Analysis Total . | . . . . . Derelict Logs Recovered . | . . . . . Drone Launches 6 | . . . . 6 Drone Recoveries . | . . . . . Exploration | -11 -10 -10 -10 -9 ------------- Run | Jun Mat Min Exi Min Turns Passed 1306 | 60 441 98 483 224 Spaces Moved 782 | 41 237 74 365 65 Core 4 | 3 . . . 1 Treads 86 | . . . 22 64 Legs 692 | 38 237 74 343 . Wheels . | . . . . . Hover . | . . . . . Flight . | . . . . . Fastest Speed 50 | 50 120 120 120 160 Average Speed 133 | 114 120 120 129 232 Slowest Speed 700 | 120 120 120 260 700 Overloaded Moves . | . . . . . Propulsion Burnouts . | . . . . . Robots Hopped . | . . . . . Cave-ins Triggered . | . . . . . Exploration Rate (%) 32 | 3 49 25 65 22 Regions Visited 4 Branch Regions 3 Pre-discovered Areas 1 | . . . 1 . Known Exits Taken 1 | . 1 . . . Unknown Exits Taken 3 | 1 . 1 1 . Scrap Searched 1 | . . 1 . . Spaces Dug . | . . . . . Terrain Destroyed . | . . . . . Melee . | . . . . . Projectile . | . . . . . AOE . | . . . . . Terrain Rammed . | . . . . . Walls Destroyed . | . . . . . Machines Disabled . | . . . . . Actions | -11 -10 -10 -10 -9 --------- Run | Jun Mat Min Exi Min Total 988 | 50 337 83 374 144 Wait 123 | . 53 . . 70 Move 778 | 40 236 73 364 65 Hop . | . . . . . Pick Up 13 | 3 4 2 1 3 Fast Attach 15 | 6 3 3 2 1 Attach 2 | . . . . 2 Detach 4 | . . 1 2 1 Swap 6 | 1 2 . 3 . Drop 9 | . 3 3 2 1 Fire 33 | . 32 . . 1 Melee . | . . . . . Ram . | . . . . . Kick 5 | . 4 1 . . Crush . | . . . . . Escape Stasis . | . . . . . Rewire . | . . . . . Trap . | . . . . . Miscellaneous . | . . . . . Route ------- -11/Junkyard -10/Materials (discovered 2 exits: [*Mat] / *Min) -10/Mines -10/Exiles -9/Mines History --------- Turn | Location | Event 10 | -11/Junkyard | Discovered new exit (range 16) 61 | -11/Junkyard | Entered Materials 101 | -10/Materials | Identified exit to Mines 216 | -10/Materials | Discovered new exit (range 7) 316 | -10/Materials | Build established: Mutant 412 | -10/Materials | Repaired Lgt. Cannon 502 | -10/Materials | Entered Mines 531 | -10/Mines | Met a Derelict bent on vengeance 539 | -10/Mines | Found the Drone Emporium 545 | -10/Mines | Found Prototype Device 545 | -10/Mines | Identified Bomb Drone Bay 595 | -10/Mines | Deemed a non-threat by the Exiles lab entrance 595 | -10/Mines | Discovered new exit (range 5) 600 | -10/Mines | Entered Exiles 630 | -10/Exiles | Met 8R-AWN 650 | -10/Exiles | Met EX-HEX 682 | -10/Exiles | Met EX-BIN 696 | -10/Exiles | Aligned with FarCom system 698 | -10/Exiles | Given EX-Vault access code 738 | -10/Exiles | Opened EX-Vault 766 | -10/Exiles | Warned to stay clear of 0b10 Research branches 904 | -10/Exiles | Found Gui. Plasma Cannon 964 | -10/Exiles | Met EX-DEC 970 | -10/Exiles | Learned location of Zion (-7) 1061 | -10/Exiles | Discovered new exit (range 11) 1083 | -10/Exiles | Left Exiles lab with Gui. Plasma Cannon 1083 | -10/Exiles | Entered Mines 1209 | -9/Mines | Assembled infested the area 1214 | -9/Mines | Assisted by a Guerilla fighting off Assembled 1303 | -9/Mines | Core integrity fell below 50% 1307 | -9/Mines | Core integrity fell below 20% 1307 | -9/Mines | Destroyed by D-53 Grenadier with Mini Grenade Launcher Last Messages --------------- 01238_ Bomb Drone released from Bomb Drone Bay. 01238_ The unstable cave ceiling collapses. 01240_ Bomb Drone detonates. 01240_ Bomb Drone destroyed. 01256_ The unstable cave ceiling collapses. 01259_ Acquired Hcp. Storage Unit. 01260_ The unstable cave ceiling collapses. 01263_ Acquired Lgt. Treads. 01266_ Acquired Gui. Plasma Cannon. 01269_ The unstable cave ceiling collapses. 01269_ Acquired Lgt. Treads. 01271_ The unstable cave ceiling collapses. 01294_ Lgt. Assault Rifle destroyed. 01294_ Lgt. Treads destroyed. 01294_ Lgt. Ion Engine destroyed. 01300_ The unstable cave ceiling collapses. 01302_ Lgt. Treads destroyed. 01302_ Lgt. Cannon destroyed. 01303_ The unstable cave ceiling collapses. 01306_ Lgt. Treads destroyed. Map ----- +----------------------------------------------------+ | ????????????????????????????????????????? | | ????????????????? #????????????????????? | | ???????????????? #???????????????????? | | ???????????????? < #???? ?????????????? | | ?????????? ?????# ##??# ???????????? | | ?????????? ????# #?# #??????????? | | ??????????? ???# ## ???????????? | | ???????????? #?## #???????????? | | ???????????? ## #????????????? | | ????????????? % #?????????????? | | ?????????????? = #??????????????? | | ??????????????? #??????????????? | | ???????????? ?## =% ##?????????????? | | ???????????? * #####?????????? | | ????????????# ###???????? | | ????????????# % % #?????? | | ???????????# % ?????? | | ???????????# ?????? | | ???????????# # ?????? | | ???????????# # # # ## ??????? | | ???????????##### # # #???? ??????? | | ???????????# # =### #?????????????? | | ??????????### ##?????????????? | | ??????????# d ######????????? | | ?????????## d ##???????? | | ??????#### @ #???????? | | ?????## #???????? | | ????## ##???????? | | ????# ##### ###????????? | | ????# #????####??????????? | | ????# #??????????????????? | | ????# ##??????????????????? | | ????# #??????????????????? | | ????# #??????????????????? | | ????## ###????????????????? | | ?????## ##???????????????? | | ??????# #???????????????? | | ??????# ## #???????????????? | | ??????## ######## ##???????????????? | | ???????######??????#####????????????????? | | ????????????????????????????????????????? | | | | | | | | | | | | | | | | | | | +----------------------------------------------------+ Best States ------------- Heat Dissipation 25 Energy Generation 10 Energy Capacity 250 Matter Stores 300 Matter Capacity 300 Sight Range 16 Terrain Scan Density 10 Evasion (%) 55 Targeting Accuracy 5 Recoil Reduction 2 Item Schematics ----------------- None Robot Schematics ------------------ None Fabricated ------------ Nothing Alien Tech Used ----------------- None Achievements -------------- None Challenges ------------ None Game ------ Seed LegThermoelectricSplitter Manual? 0 Play Time 00:11:06 Cumulative 207.2 hours Start 2023.04.02 @ 22:04:10 End 2023.04.02 @ 22:12:36 Sessions 1 Manual Loads 0 Difficulty Rogue Special Mode None Game No. 88 Rogue 72 Adventurer 8 Explorer 8 Win Type - Total 16 Types 10/0/3/1/1/1/0/0/0 Lore% 85 Gallery% 80 Achievement% 73 Wizard Run 0 Options --------- ASCII 1 Keyboard 1 Movement Vi Keybinds 0 Fullscreen 1 Font 18/CogWide Map View 76x50 Tactical HUD 1 Map Filters NONE Filters NONE Steam X RUN: 61aec116-9963-4666-bf9e-faa407cbf862